 Dungeon Crawl Stone Soup version 0.27.0-1-g7a089689b8 (webtiles) character file.

Game seed: 7255907166171960016

2291 sasquatch the Cleaver (level 9, -7/83 HPs)
             Began as a Minotaur Fighter on July 31, 2021.
             Was a Believer of Okawaru.
             Engulfed by a cloud of freezing vapour (19 damage)
             ... on level 7 of the Dungeon.
             The game lasted 00:11:07 (6085 turns).

sasquatch the Cleaver (Minotaur Fighter)            Turns: 6085, Time: 00:11:08

Health: -7/83      AC:  8    Str: 31    XL:     9   Next: 17%
Magic:  8/8        EV:  7    Int:  5    God:    Okawaru [**....]
Gold:   342        SH: 10    Dex:  9    Spells: 8/8 levels left

rFire    . . .     SeeInvis .   a - +0 war axe
rCold    . . .     Faith    .   c - +0 kite shield
rNeg     . . .     Spirit   .   b - +0 scale mail
rPois    .         Reflect  .   (helmet restricted)
rElec    .         Harm     .   (no cloak)
rCorr    .         Rampage  .   (no gloves)
Will     .....                  n - +0 pair of boots
Stlth    ..........             (no amulet)
HPRegen  0.23/turn              s - +6 ring of strength
MPRegen  0.11/turn              J - +4 ring of slaying

@: mighty
A: horns 2, retaliatory headbutt
a: Renounce Religion, Heroism


You were on level 7 of the Dungeon.
You worshipped Okawaru.
Okawaru was pleased with you.
You visited 2 branches of the dungeon, and saw 8 of its levels.

You collected 342 gold pieces.

Inventory:

Hand Weapons
 a - a +0 war axe (weapon)
 y - a +0 war axe
Missiles
 w - 8 javelins (quivered)
Armour
 b - a +0 scale mail (worn)
 c - a +0 kite shield (worn)
 n - a +0 pair of boots (worn)
 q - a +0 chain mail
Jewellery
 s - a +6 ring of strength (left hand)
 A - a ring of protection from fire
 C - a +6 ring of dexterity
 J - a +4 ring of slaying (right hand)
 N - a +4 ring of evasion
Wands
 p - a wand of flame (19)
 D - a wand of mindburst (9)
Scrolls
 e - a scroll of fog {unknown}
 f - a scroll of noise
 g - a scroll of amnesia
 h - a scroll of immolation {unknown}
 k - a scroll of magic mapping {unknown}
 l - 2 scrolls of vulnerability {unknown}
 m - 5 scrolls of identify
 r - a scroll of brand weapon {unknown}
 u - 2 scrolls of enchant armour {unknown}
 x - a scroll of summoning {unknown}
 z - a scroll of enchant weapon {unknown}
 B - a scroll of blinking {unknown}
 E - a scroll of holy word {unknown}
 F - a scroll of fear {unknown}
 G - a scroll of teleportation {unknown}
 I - 2 scrolls of acquirement {unknown}
 L - a scroll of torment {unknown}
Potions
 d - 2 potions of might
 i - a potion of heal wounds
 j - a potion of degeneration {unknown}
 o - a potion of resistance {unknown}
 t - 2 potions of attraction {unknown}
 v - a potion of flight {unknown}
 H - a potion of ambrosia {unknown}
 K - a potion of cancellation {unknown}
 M - 3 potions of lignification {unknown}


   Skills:
 + Level 9.2 Fighting
 * Level 11.9 Axes
 - Level 3.6 Armour
 - Level 3.6 Shields


You had 8 spell levels left.
You didn't know any spells.
Your spell library contained the following spells:

 Spells                   Type           Power      Damage    Failure   Level
 Magic Dart               Conj           0%         1d3       99%         1
 Searing Ray              Conj           0%         3d3       100%        2
 Static Discharge         Conj/Air       0%         N/A       100%        2
 Fulminant Prism          Conj/Hex       0%         3d6       100%        4
 Lightning Bolt           Conj/Air       0%         1d11      100%        5
 Maxwell's Capacitive Co  Air            0%         ∞         100%        8


Dungeon Overview and Level Annotations

Branches:
Dungeon (7/15)             Temple (1/1) D:5

Altars:
Ashenzari
Fedhas
Gozag
Hepliaklqana
Makhleb
Nemelex Xobeh
Okawaru
Qazlal
Sif Muna
Trog
Uskayaw
Vehumet
Xom
Yredelemnul
The Shining One

Shops:
D:5 *


Innate Abilities, Weirdness & Mutations

You have a pair of horns on your head.
You reflexively headbutt those who attack you in melee.


Message History

g - Guard the area. f - Follow me.
Anything else - Cancel.
You shout for attention!
Found a club.
A gnoll comes into view. It is wielding a +0 spear.
The gnoll shouts!
The gnoll hits you from afar with a +0 spear.
The gnoll hits you with a +0 spear!
You barely miss the gnoll. You headbutt the gnoll!
You kill the gnoll!
Okawaru accepts your kill.
You see here a +0 spear.
Found a dagger.
You see here a +0 dagger.
The gnoll shaman shouts!
You hear a shout! x4
A gnoll shaman is nearby!
You hit the gnoll shaman but do no damage.
You headbutt the gnoll shaman, but do no damage.
A gnoll comes into view. It is wielding a +0 halberd.
The gnoll shaman hits you with the +8 frozen axe "Frostbite" {freezing cloud, *Noise Fly rC+}!
The gnoll shaman freezes you!
You completely miss the gnoll shaman.
The gnoll shaman hits you with the +8 frozen axe "Frostbite" {freezing cloud, *Noise Fly rC+}!!
The gnoll shaman freezes you.
You barely miss the gnoll shaman. The gnoll shaman barely misses you.
You feel very mighty all of a sudden.
The gnoll shaman hits you with the +8 frozen axe "Frostbite" {freezing cloud, *Noise Fly rC+}!
The gnoll shaman freezes you.
You slice the gnoll shaman!!
The gnoll shaman is almost dead.
A gnoll comes into view. It is wielding a +0 long sword.
The gnoll shaman hits you with the +8 frozen axe "Frostbite" {freezing cloud, *Noise Fly rC+}!
* * * LOW HITPOINT WARNING * * *
The gnoll shaman freezes you.
* * * LOW HITPOINT WARNING * * *
You slice the gnoll shaman!!
You kill the gnoll shaman!
Okawaru accepts your kill.
You are engulfed in freezing vapours.
You die...

.####
....#######
.#
.......)..#
#.#
.)..#####.#
..# .####
#.# ##..# .#
#.#
##...###..
.# #.#
g.g..... ##
#)######)..#
#.......@.#
###########


You could see 2 gnolls.

Vanquished Creatures
  Sigmund (D:3)
  A yak (D:6)
  An acid dragon (D:6)
  A water moccasin (D:6)
  A sky beast (D:7)
  A black bear (D:4)
  The ghost of mainiacjoe the Grasshopper, an amateur GnWr (D:4)
  2 ice beasts (D:6)
  An ogre (D:5)
  2 centaurs
  A phantom (D:5)
  A wyvern zombie (D:6)
  3 scorpions
  2 bullfrog zombies (D:6)
  3 quasits (D:4)
  A centaur zombie (D:6)
  2 hounds (D:6)
  A jelly (D:4)
  A centaur skeleton (D:7)
  2 gnoll shamans
  Jessica (D:2)
  3 bullfrog skeletons
  Terence (D:3)
  2 iguanas (D:4)
  An orc wizard (D:6)
  A hound skeleton (D:5)
  A howler monkey zombie (D:6)
  4 adders
  8 gnolls
  2 shadow imps
  2 white imps
  An ufetubus (D:4)
  An adder skeleton (D:4)
  A worm (D:4)
  A dart slug (D:4)
  10 orcs
  4 ball pythons
  4 bats (D:1)
  9 endoplasms
  2 giant cockroaches
  6 goblins
  5 hobgoblins
  5 jackals
  5 kobolds
  3 quokkas
  2 frilled lizards
  4 rats
118 creatures vanquished.

Vanquished Creatures (others)
  8 plants (D:2)
8 creatures vanquished.

Grand Total: 126 creatures vanquished

Notes
Turn   | Place    | Note
-------+----------+-------------------------------------------
     0 | D:1      | sasquatch the Minotaur Fighter began the quest for the Orb.
     0 | D:1      | Reached XP level 1. HP: 19/19 MP: 0/0
   131 | D:1      | Reached skill level 3 in Axes
   181 | D:1      | Reached XP level 2. HP: 23/27 MP: 1/1
   218 | D:1      | Found a faded altar of an unknown god.
   893 | D:2      | Reached XP level 3. HP: 31/33 MP: 2/2
  1425 | D:2      | Reached skill level 4 in Axes
  1647 | D:3      | Noticed Jessica
  1650 | D:2      | Killed Jessica
  1686 | D:3      | Reached XP level 4. HP: 41/41 MP: 3/3
  1768 | D:3      | Noticed Terence
  1774 | D:3      | Killed Terence
  1833 | D:3      | Reached skill level 5 in Axes
  1927 | D:3      | Noticed Sigmund
  1938 | D:3      | Killed Sigmund
  1939 | D:3      | Reached skill level 5 in Fighting
  1939 | D:3      | Reached skill level 6 in Axes
  1939 | D:3      | Reached XP level 5. HP: 46/48 MP: 4/4
  1939 | D:3      | Reached XP level 6. HP: 54/56 MP: 5/5
  2783 | D:4      | Found a transporter.
  2790 | D:4      | Noticed mainiacjoe's ghost (amateur GnWr)
  2850 | D:4      | Reached skill level 7 in Axes
  3018 | D:4      | Found a radiant altar of Vehumet.
  3185 | D:4      | Reached XP level 7. HP: 61/63 MP: 6/6
  3365 | D:4      | Found a transporter.
  3526 | D:4      | Reached skill level 8 in Axes
  3708 | D:4      | Killed mainiacjoe's ghost
  3796 | D:5      | Entered Level 5 of the Dungeon
  3796 | D:5      | Found a staircase to the Ecumenical Temple.
  3803 | Temple   | Entered the Ecumenical Temple
  3837 | Temple   | Became a worshipper of Warmaster Okawaru
  4245 | D:5      | Found Orghuoh's Lightly-Used Armoury.
  4320 | D:5      | Reached skill level 9 in Axes
  4607 | D:5      | Reached XP level 8. HP: 71/73 MP: 7/7
  4942 | D:5      | Found a shimmering altar of Xom.
  5113 | D:6      | Reached skill level 10 in Axes
  5159 | D:6      | Reached * piety under Okawaru
  5317 | D:6      | Found a broken altar of Ashenzari.
  5508 | D:6      | Reached skill level 11 in Axes
  5596 | D:6      | Reached ** piety under Okawaru
  5610 | D:6      | Reached XP level 9. HP: 75/83 MP: 8/8
  5877 | D:7      | Found a shimmering blue altar of Sif Muna.
  6085 | D:7      | Engulfed by a cloud of freezing vapour

Illustrated notes

Levels and vault maps discovered:
D:1:      wander_arrival_abandoned_jail, layout_rooms,
          hellmonk_ecumenical_altar_zigzags, kennysheep_minor_cross
D:2:      layout_loops_ring, serial_park_tiny_pond, minmay_fountain_box,
          serial_bayou_lake_a
D:3:      layout_rooms, uniq_terence, uniq_sigmund, uniq_jessica
D:4:      layout_rooms, nicolae_overflow_crystal_walls,
          gammafunk_ghost_stat_death, chequers_serial_rivers_large_b
D:5:      layout_basic, kennysheep_little_box, minmay_temple_entry_mini_moons,
          minmay_shop_damaged, corner_web_ring
D:6:      minmay_cornered_nines, layout_rooms, ashenzari_altar_1
D:7:      layout_loops_ring, lemuel_crystal_altar,
          lemuel_zombie_altar_kikubaaqudgha, uniq_prince_ribbit1, uniq_maggie
Temple:   minmay_temple_curvy_loop

Skill      XL: |  1  2  3  4  5  6  7  8 |
---------------+-------------------------+-----
Axes           | 3 4 6 7 9 11 | 11.9
Fighting       | 4 5 6 7 9 |  9.2
Armour         | |  3.6
Shields        | |  3.6

Action                   |  1- 3 |  4- 6 |  7- 9 || total
-------------------------+-------+-------+-------++-------
Melee: War axe           |    76 |    69 |   155 ||   300
       Headbutt          |     7 |    16 |    38 ||    61
Throw: Javelin           |       |     8 |       ||     8
  Use: Potion            |       |     1 |     1 ||     2
       Scroll            |       |       |     3 ||     3
Armor: Scale mail        |    32 |    25 |    62 ||   119
Dodge: Dodged            |    18 |    19 |    55 ||    92
Block: Kite shield       |    32 |    46 |    75 ||   153
